Saguenéens vs Gangsters
Created - 3 novembre 2013 at 19:17
Goals
|
| Saguenéens |
0 |
3 |
3 |
6 |
| Gangsters |
0 |
2 |
2 |
4 |
|
Shots
|
| Saguenéens |
9 |
9 |
9 |
27 |
| Gangsters |
6 |
14 |
17 |
37 |
|
1st period
No Goal
Penalties :
Chris Bourque (Bro) for Hooking (Minor) at 3:27, Cory Murphy (Bro) for Roughing (Minor) at 10:40, Ville Koistinen (Bro) for High sticking (Minor) at 15:46, Jeffrey Foss (Chi) for Hooking (Minor) at 15:46, Justin Schultz (Chi) for Hooking (Minor) at 18:28
2nd period
1. Saguenéens , Wayne Primeau 4 (Brandon Yip) at 0:27 (SH)
2. Gangsters , Igor Radulov 7 (Ryan Keller, Cory Murphy) at 12:25
3. Saguenéens , Evgeny Dadonov 4 (Wayne Primeau, Brandon Yip) at 14:56
4. Saguenéens , Tyler McNeely 1 (Henrik Tallinder, Petteri Wirtanen) at 15:33
5. Gangsters , Ryan Keller 7 (Igor Radulov, Alexandre Bolduc) at 19:44 (PP)
Penalties :
Chris Bourque (Bro) for Tripping (Minor) at 3:41, Jeffrey Foss (Chi) for Cross-checking (Minor) at 6:26, Ben Holmstrom (Bro) for Interference (Minor) at 8:47, Ryan Keller (Bro) for Roughing (Minor) at 15:50, Kyle Brodziak (Chi) for Roughing (Minor) at 18:49
3rd period
6. Gangsters , Chris Bourque 6 (Staffan Kronwall) at 0:34 (PP)
7. Saguenéens , David Laliberté 2 (Ian Cole, Dwight King) at 1:11
8. Saguenéens , Dwight King 1 (Brian Flynn, Rhett Rakhshani) at 15:30
9. Gangsters , Mikko Lehtonen 3 (Nick Foligno, Staffan Kronwall) at 15:40
10. Saguenéens , Justin Schultz 1 (Trevor Daley, Rhett Rakhshani) at 17:14 (PP)
Penalties :
Brandon Yip (Chi) for Holding (Minor) at 0:08, Tyler McNeely (Chi) for High sticking (Minor) at 5:59, Alexei Emelin (Bro) for Holding (Minor) at 16:16, Brandon Yip (Chi) for Hooking (Minor) at 19:27
Goalie Stats
James Reimer (Chi), 33 saves from 37 shots - (0,892), W, 1-1-1, 60:00 minutes
Dustin Tokarski (Bro), 21 saves from 27 shots - (0,778), L, 1-2-0, 60:00 minutes
Players Stats for Saguenéens
Player Name G A P +/- PIM S H SB GA TA FO MP PP MP PK MP
------------------------------------------------------------------------------------
Brandon Yip 0 2 2 1 4 0 1 1 0 1 1/3 22:20 5:57 3:12
Brian Flynn 0 1 1 0 0 1 3 0 0 0 8/14 14:47 4:48 0:10
David Laliberté 1 0 1 1 0 1 1 0 0 0 0/0 8:46 0:00 0:00
David Toews 0 0 0 1 0 0 1 0 0 0 0/0 8:20 0:00 0:00
Dwight King 1 1 2 2 0 2 3 0 0 0 0/0 16:39 4:48 0:41
Evgeny Dadonov 1 0 1 0 0 4 3 0 3 0 0/0 19:31 5:57 0:00
Henrik Tallinder 0 1 1 1 0 0 1 1 0 1 0/0 14:30 0:37 3:55
Ian Cole 0 1 1 2 0 2 2 1 0 1 0/0 21:07 4:14 1:01
Jarkko Ruutu 0 0 0 0 0 3 5 1 0 0 0/0 11:50 4:39 2:25
Jeffrey Foss 0 0 0 1 4 0 0 0 0 0 0/0 11:04 0:37 0:00
Justin Schultz 1 0 1 0 2 2 1 3 0 1 0/0 24:30 6:02 2:54
Kyle Brodziak 0 0 0 1 2 1 1 1 0 0 3/13 13:13 0:00 3:28
Mike Van Ryn 0 0 0 2 0 1 1 3 0 0 0/0 22:59 4:14 3:55
Petteri Wirtanen 0 1 1 1 0 1 1 0 0 0 3/5 10:17 0:00 1:57
Rhett Rakhshani 0 2 2 0 0 1 0 0 0 0 1/3 10:01 0:25 0:00
Trevor Daley 0 1 1 0 0 1 1 1 0 1 0/0 25:57 6:02 3:55
Tyler McNeely 1 0 1 1 2 1 1 0 0 1 0/0 8:43 0:08 0:00
Wayne Primeau 1 1 2 0 0 6 1 0 0 0 18/29 25:30 5:57 3:47
Players Stats for Gangsters
Player Name G A P +/- PIM S H SB GA TA FO MP PP MP PK MP
------------------------------------------------------------------------------------
Alexandre Bolduc 0 1 1 -1 0 1 0 0 1 0 10/25 18:06 4:35 1:31
Alexei Emelin 0 0 0 0 2 1 0 0 0 0 0/0 21:07 2:46 5:11
Artem Anisimov 0 0 0 -1 0 0 1 0 1 0 7/15 13:35 3:10 0:00
Ben Holmstrom 0 0 0 0 2 0 0 0 1 0 0/0 6:29 0:00 0:00
Brock Bradford 0 0 0 -1 0 2 0 0 0 0 2/8 13:09 0:01 3:03
Chris Bourque 1 0 1 -1 4 4 2 0 0 0 1/2 17:02 3:10 2:34
Cory Murphy 0 1 1 -2 2 4 5 0 0 0 0/0 28:21 5:04 4:52
Dave Dziurzynski 0 0 0 0 0 0 0 0 0 0 0/0 6:28 0:00 0:00
Igor Radulov 1 1 2 -1 0 7 1 0 1 1 10/13 24:01 4:39 5:55
Josh Gorges 0 0 0 0 0 2 1 1 0 1 0/0 19:57 2:46 4:33
Maxime Sauvé 0 0 0 0 0 2 0 0 1 0 1/2 6:28 0:00 0:00
Mikko Lehtonen 1 0 1 -1 0 2 0 0 0 0 1/1 10:02 0:05 0:00
Nick Foligno 0 1 1 -1 0 1 5 1 0 0 0/0 11:50 0:05 1:35
Ryan Jones 0 0 0 -1 0 4 1 0 1 0 0/0 17:05 3:10 2:35
Ryan Keller 1 1 2 -1 2 4 2 0 0 0 1/1 22:27 4:35 4:33
Shaun Heska 0 0 0 -1 0 1 1 0 0 0 0/0 10:42 0:00 0:50
Staffan Kronwall 0 2 2 -2 0 1 0 4 0 1 0/0 30:11 5:04 6:20
Ville Koistinen 0 0 0 -1 2 1 1 0 0 0 0/0 10:01 0:00 0:00
3 Stars
1 - Dwight King (Chi)
2 - Wayne Primeau (Chi)
3 - Igor Radulov (Bro)
Power Play
Saguenéens - 1 on 6 Attempt(s) - 16,67%
Gangsters - 2 on 6 Attempt(s) - 33,33%
Penalty Kill
Saguenéens - 4 on 6 Attempt(s) - 66,67%
- Score 1 goal in Penalty Kill
Gangsters - 5 on 6 Attempt(s) - 83,33%
- Score 0 goal in Penalty Kill
Official
Referees : Fraser Kerry and Kimmerly Greg
Linesman : Jean Morin and Tim Nowak
Game Notes
Jarkko Ruutu is injured at 19:36 of 2nd period (Bruised Left Arm)
Finance
Level 1 -- Attendance: 1370 (68,50%) -- Ticket Income 47 950 $
Level 2 -- Attendance: 775 (77,50%) -- Ticket Income 11 625 $
Total Attendance: 2145 (71,50%)
Total Ticket Income: 59 575 $
Other Income: 2 979 $
Total Income: 62 554 $
Saguenéens
5 vs 5 Forward
Center Left Wing Right Wing Time % Phy DF OF
1 Wayne Primeau Evgeny Dadonov Brandon Yip 40 1 1 3
2 Kyle Brodziak Dwight King David Laliberté 30 1 1 3
3 Brian Flynn Jarkko Ruutu Rhett Rakhshani 20 1 2 2
4 Petteri Wirtanen Tyler McNeely David Toews 10 1 2 2
5 vs 5 Defense
Defense Defense Time % Phy DF OF
1 Justin Schultz Trevor Daley 32 1 2 2
2 Ian Cole Mike Van Ryn 32 1 2 2
3 Jeffrey Foss Henrik Tallinder 26 1 2 2
4 Justin Schultz Trevor Daley 10 0 2 3
PowerPlay Forward
Center Left Wing Right Wing Time % Phy DF OF
1 Wayne Primeau Evgeny Dadonov Brandon Yip 60 0 1 4
2 Brian Flynn Dwight King Jarkko Ruutu 40 0 1 4
PowerPlay Defense
Defense Defense Time % Phy DF OF
1 Justin Schultz Trevor Daley 60 0 2 3
2 Ian Cole Mike Van Ryn 40 0 2 3
Penalty Kill 4 Players Forward
Center Wing Time % Phy DF OF
1 Kyle Brodziak Jarkko Ruutu 50 1 3 1
2 Wayne Primeau Brandon Yip 50 1 3 1
Penalty Kill 4 Players Defense
Defense Defense Time % Phy DF OF
1 Justin Schultz Mike Van Ryn 50 1 3 1
2 Henrik Tallinder Trevor Daley 50 1 3 1
Penalty Kill - 3 Players Forward
Forward Time % Phy DF OF
1 Jarkko Ruutu 50 1 3 1
2 Wayne Primeau 50 1 3 1
Penalty Kill - 3 Players Defense
Defense Defense Time % Phy DF OF
1 Justin Schultz Mike Van Ryn 50 1 3 1
2 Henrik Tallinder Trevor Daley 50 1 3 1
4 vs 4 Forward
Center Wing Time % Phy DF OF
1 Kyle Brodziak Brandon Yip 50 1 1 3
2 Wayne Primeau Dwight King 50 1 1 3
4 vs 4 Defense
Defense Defense Time % Phy DF OF
1 Justin Schultz Trevor Daley 50 1 2 2
2 Ian Cole Mike Van Ryn 50 1 2 2
Last Minutes Offensive
Center Left Wing Right Wing Defense Defense
Wayne Primeau Jarkko Ruutu Brandon Yip Justin Schultz Mike Van Ryn
Last Minutes Defensive
Center Left Wing Right Wing Defense Defense
Wayne Primeau Jarkko Ruutu Brandon Yip Trevor Daley Mike Van Ryn
Goaltenders
Starting : James Reimer
Backup : Chad Johnson
Extra Forwards
Normal : Brian Flynn, Wayne Primeau, Evgeny Dadonov - PP : Wayne Primeau, Rhett Rakhshani - PK : Petteri Wirtanen
Extra Defensemen
Normal : Mike Van Ryn, Henrik Tallinder, Justin Schultz - PP : Henrik Tallinder - PK : Ian Cole, Jeffrey Foss
Penalty Shots
Brandon Yip, Jarkko Ruutu, Evgeny Dadonov, Kyle Brodziak, Wayne Primeau
Gangsters
5 vs 5 Forward
Center Left Wing Right Wing Time % Phy DF OF
1 Alexandre Bolduc Igor Radulov Ryan Keller 40 1 2 2
2 Artem Anisimov Chris Bourque Ryan Jones 30 1 2 2
3 Brock Bradford Nick Foligno Mikko Lehtonen 20 1 2 2
4 Maxime Sauvé Dave Dziurzynski Ben Holmstrom 10 1 2 2
5 vs 5 Defense
Defense Defense Time % Phy DF OF
1 Staffan Kronwall Cory Murphy 40 1 2 2
2 Josh Gorges Alexei Emelin 30 1 2 2
3 Ville Koistinen Shaun Heska 20 1 2 2
4 Staffan Kronwall Cory Murphy 10 1 2 2
PowerPlay Forward
Center Left Wing Right Wing Time % Phy DF OF
1 Alexandre Bolduc Igor Radulov Ryan Keller 60 1 2 2
2 Artem Anisimov Chris Bourque Ryan Jones 40 1 2 2
PowerPlay Defense
Defense Defense Time % Phy DF OF
1 Staffan Kronwall Cory Murphy 60 1 2 2
2 Josh Gorges Alexei Emelin 40 1 2 2
Penalty Kill 4 Players Forward
Center Wing Time % Phy DF OF
1 Igor Radulov Ryan Keller 60 1 2 2
2 Chris Bourque Ryan Jones 40 1 2 2
Penalty Kill 4 Players Defense
Defense Defense Time % Phy DF OF
1 Staffan Kronwall Cory Murphy 60 1 2 2
2 Josh Gorges Alexei Emelin 40 1 2 2
Penalty Kill - 3 Players Forward
Forward Time % Phy DF OF
1 Igor Radulov 60 1 2 2
2 Ryan Keller 40 1 2 2
Penalty Kill - 3 Players Defense
Defense Defense Time % Phy DF OF
1 Staffan Kronwall Cory Murphy 60 1 2 2
2 Josh Gorges Alexei Emelin 40 1 2 2
4 vs 4 Forward
Center Wing Time % Phy DF OF
1 Igor Radulov Ryan Keller 60 1 2 2
2 Chris Bourque Ryan Jones 40 1 2 2
4 vs 4 Defense
Defense Defense Time % Phy DF OF
1 Staffan Kronwall Cory Murphy 60 1 2 2
2 Josh Gorges Alexei Emelin 40 1 2 2
Last Minutes Offensive
Center Left Wing Right Wing Defense Defense
Alexandre Bolduc Igor Radulov Ryan Keller Staffan Kronwall Cory Murphy
Last Minutes Defensive
Center Left Wing Right Wing Defense Defense
Alexandre Bolduc Igor Radulov Ryan Keller Staffan Kronwall Cory Murphy
Goaltenders
Starting : Dustin Tokarski
Backup : David LeNeveu
Extra Forwards
Normal : Nick Foligno, Mikko Lehtonen, Brock Bradford - PP : Nick Foligno, Mikko Lehtonen - PK : Brock Bradford
Extra Defensemen
Normal : Ville Koistinen, Shaun Heska, Josh Gorges - PP : Ville Koistinen - PK : Shaun Heska, Josh Gorges
Penalty Shots
Igor Radulov, Ryan Keller, Chris Bourque, Ryan Jones, Alexandre Bolduc
% Time on Ice - Saguenéens
Lines # - Real PCT - Wanted PCT - Time Play
Normal Forward
1 - 31% - 40% - 12:04
2 - 24% - 30% - 9:18
3 - 24% - 20% - 9:36
4 - 21% - 10% - 8:20
Normal Defense
1 - 36% - 32% - 14:08
2 - 36% - 32% - 14:14
3 - 26% - 26% - 10:19
4 - 2% - 10% - 0:37
PP Forward
1 - 55% - 60% - 5:57
2 - 45% - 40% - 4:56
PP Defense
1 - 61% - 60% - 6:39
2 - 39% - 40% - 4:14
PK Forward
1 - 52% - 50% - 4:03
2 - 48% - 50% - 3:47
PK Defense
1 - 50% - 50% - 3:55
2 - 50% - 50% - 3:55
PK3 Forward
1 - 0% - 50%
2 - 0% - 50%
PK3 Defense
1 - 0% - 50%
2 - 0% - 50%
44 Forward
1 - 50% - 50% - 1:00
2 - 50% - 50% - 0:59
44 Defense
1 - 42% - 50% - 0:50
2 - 58% - 50% - 1:09
Last Minute Offensive - 0:00
Last Minute Defensive - 0:00
Total
Forward - 60:00
Defense - 60:00
|
% Time on Ice - Gangsters
Lines # - Real PCT - Wanted PCT - Time Play
Normal Forward
1 - 32% - 40% - 12:38
2 - 27% - 30% - 10:43
3 - 24% - 20% - 9:29
4 - 16% - 10% - 6:28
Normal Defense
1 - 44% - 40% - 17:14
2 - 31% - 30% - 12:12
3 - 25% - 20% - 9:52
4 - 0% - 10% - 0:00
PP Forward
1 - 60% - 60% - 4:40
2 - 40% - 40% - 3:10
PP Defense
1 - 65% - 60% - 5:04
2 - 35% - 40% - 2:46
PK Forward
1 - 76% - 60% - 8:18
2 - 24% - 40% - 2:35
PK Defense
1 - 58% - 60% - 6:20
2 - 42% - 40% - 4:33
PK3 Forward
1 - 0% - 60%
2 - 0% - 40%
PK3 Defense
1 - 0% - 60%
2 - 0% - 40%
44 Forward
1 - 69% - 60% - 1:22
2 - 31% - 40% - 0:37
44 Defense
1 - 78% - 60% - 1:33
2 - 22% - 40% - 0:26
Last Minute Offensive - 0:00
Last Minute Defensive - 0:00
Total
Forward - 60:00
Defense - 60:00
|
Play by Play
1st period
0:01 of 1st period - Wayne Primeau wins face-off versus Alexandre Bolduc in neutral zone.
0:28 of 1st period - Trevor Daley is hit by Artem Anisimov and loses puck.
1:40 of 1st period - Snap shot by Wayne Primeau.
1:40 of 1st period - Stopped by Dustin Tokarski with a rebound.
1:46 of 1st period - Trevor Daley is hit by Ville Koistinen and loses puck.
2:01 of 1st period - Wrist shot by Kyle Brodziak.
2:01 of 1st period - Stopped by Dustin Tokarski with a rebound.
2:03 of 1st period - Wrist shot by Kyle Brodziak.
2:03 of 1st period - Shot Misses the Net.
2:09 of 1st period - Slapshot by Kyle Brodziak.
2:09 of 1st period - Shot Misses the Net.
3:17 of 1st period - Staffan Kronwall is hit by Dwight King and loses puck.
3:27 of 1st period - Minor Penalty to Chris Bourque for Hooking.
3:28 of 1st period - Wayne Primeau wins face-off versus Igor Radulov in Gangsters zone.
3:31 of 1st period - Snap shot by Evgeny Dadonov.
3:31 of 1st period - Stopped by Dustin Tokarski without a rebound.
3:32 of 1st period - Igor Radulov wins face-off versus Wayne Primeau in Gangsters zone.
3:42 of 1st period - Staffan Kronwall is hit by Brandon Yip.
4:05 of 1st period - Josh Gorges is hit by Brian Flynn and loses puck.
5:27 of 1st period - Penalty to Chris Bourque is over, Chris Bourque is back on ice.
7:54 of 1st period - Backhand shot by Chris Bourque.
7:54 of 1st period - Shot Blocked by Ian Cole.
7:56 of 1st period - Wrist shot by Chris Bourque.
7:56 of 1st period - Stopped by James Reimer without a rebound.
7:57 of 1st period - Wayne Primeau wins face-off versus Artem Anisimov in Saguenéens zone.
8:08 of 1st period - Snap shot by Wayne Primeau.
8:08 of 1st period - Stopped by Dustin Tokarski with a rebound.
8:10 of 1st period - Snap shot by Wayne Primeau.
8:10 of 1st period - Stopped by Dustin Tokarski without a rebound.
8:11 of 1st period - Brian Flynn wins face-off versus Alexandre Bolduc in Gangsters zone.
8:14 of 1st period - Slapshot by Brian Flynn.
8:14 of 1st period - Stopped by Dustin Tokarski without a rebound.
8:15 of 1st period - Brian Flynn wins face-off versus Alexandre Bolduc in Gangsters zone.
8:18 of 1st period - Snap shot by Jarkko Ruutu.
8:18 of 1st period - Stopped by Dustin Tokarski without a rebound.
8:19 of 1st period - Alexandre Bolduc wins face-off versus Brian Flynn in Gangsters zone.
9:32 of 1st period - Staffan Kronwall is hit by David Laliberté.
10:06 of 1st period - Wrist shot by Ryan Jones.
10:06 of 1st period - Stopped by James Reimer without a rebound.
10:07 of 1st period - Petteri Wirtanen wins face-off versus Artem Anisimov in Saguenéens zone.
10:07 of 1st period - Petteri Wirtanen is hit by Chris Bourque.
10:32 of 1st period - Ian Cole is hit by Josh Gorges and loses puck.
10:39 of 1st period - Slapshot by Cory Murphy.
10:39 of 1st period - Stopped by James Reimer without a rebound.
10:40 of 1st period - Wayne Primeau wins face-off versus Alexandre Bolduc in Saguenéens zone.
10:40 of 1st period - Minor Penalty to Cory Murphy for Roughing.
10:41 of 1st period - Igor Radulov wins face-off versus Wayne Primeau in Gangsters zone.
11:06 of 1st period - Igor Radulov is hit by Jarkko Ruutu and loses puck.
11:11 of 1st period - Wrist shot by Jarkko Ruutu.
11:11 of 1st period - Shot Misses the Net.
11:13 of 1st period - Slapshot by Trevor Daley.
11:13 of 1st period - Shot Blocked by Staffan Kronwall.
11:15 of 1st period - Slapshot by Justin Schultz.
11:15 of 1st period - Shot Blocked by Staffan Kronwall.
12:40 of 1st period - Penalty to Cory Murphy is over, Cory Murphy is back on ice.
12:46 of 1st period - Cory Murphy is hit by Jarkko Ruutu and loses puck.
13:40 of 1st period - Icing by Brock Bradford.
13:41 of 1st period - Petteri Wirtanen wins face-off versus Brock Bradford in Gangsters zone.
13:58 of 1st period - Wrist shot by Igor Radulov.
13:58 of 1st period - Stopped by James Reimer with a rebound.
14:12 of 1st period - Wrist shot by Petteri Wirtanen.
14:12 of 1st period - Stopped by Dustin Tokarski without a rebound.
14:13 of 1st period - Wayne Primeau wins face-off versus Artem Anisimov in Gangsters zone.
14:24 of 1st period - Evgeny Dadonov is hit by Chris Bourque.
14:36 of 1st period - Brian Flynn is hit by Ryan Keller and loses puck.
15:23 of 1st period - Off-side.
15:24 of 1st period - Wayne Primeau wins face-off versus Artem Anisimov in neutral zone.
15:46 of 1st period - Minor Penalty to Ville Koistinen for High sticking.
15:46 of 1st period - Minor Penalty to Jeffrey Foss for Hooking.
15:47 of 1st period - Igor Radulov wins face-off versus Kyle Brodziak in neutral zone.
16:00 of 1st period - Snap shot by Igor Radulov.
16:00 of 1st period - Shot Blocked by Kyle Brodziak.
16:02 of 1st period - Snap shot by Igor Radulov.
16:02 of 1st period - Stopped by James Reimer with a rebound.
16:32 of 1st period - Slapshot by Chris Bourque.
16:32 of 1st period - Shot Misses the Net.
16:41 of 1st period - Icing by Staffan Kronwall.
16:42 of 1st period - Chris Bourque wins face-off versus Kyle Brodziak in Gangsters zone.
17:01 of 1st period - Snap shot by Ryan Jones.
17:01 of 1st period - Stopped by James Reimer without a rebound.
17:02 of 1st period - Wayne Primeau wins face-off versus Chris Bourque in Saguenéens zone.
17:02 of 1st period - Wayne Primeau is hit by Ryan Jones.
17:12 of 1st period - Backhand shot by Dwight King.
17:12 of 1st period - Deflect By Wayne Primeau.
17:12 of 1st period - Shot Misses the Net.
17:12 of 1st period - Puck is out of play.
17:13 of 1st period - Igor Radulov wins face-off versus Kyle Brodziak in Gangsters zone.
17:46 of 1st period - Penalty to Ville Koistinen is over, Ville Koistinen is back on ice.
17:46 of 1st period - Penalty to Jeffrey Foss is over, Jeffrey Foss is back on ice.
17:51 of 1st period - Snap shot by Dwight King.
17:51 of 1st period - Shot Misses the Net.
17:53 of 1st period - Wrist shot by Dwight King.
17:53 of 1st period - Shot Misses the Net.
17:55 of 1st period - Slapshot by Dwight King.
17:55 of 1st period - Stopped by Dustin Tokarski without a rebound.
17:56 of 1st period - Artem Anisimov wins face-off versus Rhett Rakhshani in Gangsters zone.
17:56 of 1st period - Artem Anisimov is hit by Jarkko Ruutu.
18:01 of 1st period - Off-side.
18:02 of 1st period - Artem Anisimov wins face-off versus Brian Flynn in neutral zone.
18:05 of 1st period - Snap shot by Chris Bourque.
18:05 of 1st period - Shot Misses the Net.
18:28 of 1st period - Minor Penalty to Justin Schultz for Hooking.
18:29 of 1st period - Igor Radulov wins face-off versus Kyle Brodziak in Saguenéens zone.
2nd period
0:01 of 2nd period - Alexandre Bolduc wins face-off versus Kyle Brodziak in neutral zone.
0:12 of 2nd period - Alexandre Bolduc is hit by Jarkko Ruutu and loses puck.
0:27 of 2nd period - Snap shot by Wayne Primeau.
0:27 of 2nd period - Goal by Wayne Primeau - Saguenéens : 1 - Gangsters : 0.
0:28 of 2nd period - Penalty to Justin Schultz is over, Justin Schultz is back on ice.
0:28 of 2nd period - Wayne Primeau wins face-off versus Alexandre Bolduc in neutral zone.
0:54 of 2nd period - Trevor Daley is hit by Nick Foligno and loses puck.
1:03 of 2nd period - Brock Bradford is hit by Dwight King and loses puck.
1:37 of 2nd period - Slapshot by Alexei Emelin.
1:37 of 2nd period - Stopped by James Reimer with a rebound.
1:39 of 2nd period - Snap shot by Alexei Emelin.
1:39 of 2nd period - Shot Misses the Net.
2:13 of 2nd period - Brock Bradford is hit by Henrik Tallinder and loses puck.
2:20 of 2nd period - Slapshot by Jarkko Ruutu.
2:20 of 2nd period - Stopped by Dustin Tokarski without a rebound.
2:21 of 2nd period - Wayne Primeau wins face-off versus Artem Anisimov in Gangsters zone.
2:46 of 2nd period - Alexandre Bolduc is hit by Justin Schultz.
3:12 of 2nd period - Brian Flynn is hit by Nick Foligno.
3:34 of 2nd period - Snap shot by Chris Bourque.
3:34 of 2nd period - Shot Misses the Net.
3:40 of 2nd period - Wrist shot by Mike Van Ryn.
3:40 of 2nd period - Stopped by Dustin Tokarski with a rebound.
3:41 of 2nd period - Minor Penalty to Chris Bourque for Tripping.
3:42 of 2nd period - Igor Radulov wins face-off versus Brandon Yip in Gangsters zone.
3:58 of 2nd period - Wrist shot by Ryan Keller.
3:58 of 2nd period - Stopped by James Reimer without a rebound.
3:59 of 2nd period - Brian Flynn wins face-off versus Igor Radulov in Saguenéens zone.
5:21 of 2nd period - Staffan Kronwall is hit by Brian Flynn and loses puck.
5:41 of 2nd period - Penalty to Chris Bourque is over, Chris Bourque is back on ice.
6:14 of 2nd period - Mikko Lehtonen is hit by Dwight King and loses puck.
6:26 of 2nd period - Minor Penalty to Jeffrey Foss for Cross-checking.
6:27 of 2nd period - Alexandre Bolduc wins face-off versus Wayne Primeau in Saguenéens zone.
6:30 of 2nd period - Snap shot by Ryan Keller.
6:30 of 2nd period - Shot Misses the Net.
6:54 of 2nd period - Chris Bourque is hit by Trevor Daley.
8:12 of 2nd period - Ryan Jones is hit by Wayne Primeau and loses puck.
8:26 of 2nd period - Penalty to Jeffrey Foss is over, Jeffrey Foss is back on ice.
8:47 of 2nd period - Minor Penalty to Ben Holmstrom for Interference.
8:48 of 2nd period - Igor Radulov wins face-off versus Brian Flynn in Gangsters zone.
9:49 of 2nd period - Slapshot by Alexei Emelin.
9:49 of 2nd period - Shot Blocked by Justin Schultz.
10:47 of 2nd period - Penalty to Ben Holmstrom is over, Ben Holmstrom is back on ice.
10:52 of 2nd period - Wrist shot by Maxime Sauvé.
10:52 of 2nd period - Deflect By Mike Van Ryn.
10:52 of 2nd period - Stopped by James Reimer without a rebound.
10:53 of 2nd period - Maxime Sauvé wins face-off versus Petteri Wirtanen in Saguenéens zone.
11:04 of 2nd period - Snap shot by Maxime Sauvé.
11:04 of 2nd period - Stopped by James Reimer with a rebound.
11:20 of 2nd period - Slapshot by Shaun Heska.
11:20 of 2nd period - Deflect By Kyle Brodziak.
11:20 of 2nd period - Stopped by James Reimer with a rebound.
11:40 of 2nd period - Wrist shot by Ryan Keller.
11:40 of 2nd period - Shot Blocked by Jarkko Ruutu.
11:42 of 2nd period - Slapshot by Ville Koistinen.
11:42 of 2nd period - Stopped by James Reimer without a rebound.
11:43 of 2nd period - Alexandre Bolduc wins face-off versus Wayne Primeau in Saguenéens zone.
11:44 of 2nd period - Snap shot by Igor Radulov.
11:44 of 2nd period - Shot Blocked by Mike Van Ryn.
11:50 of 2nd period - Wrist shot by Alexandre Bolduc.
11:50 of 2nd period - Shot Blocked by Mike Van Ryn.
11:52 of 2nd period - Snap shot by Cory Murphy.
11:52 of 2nd period - Stopped by James Reimer without a rebound.
11:53 of 2nd period - Wayne Primeau wins face-off versus Alexandre Bolduc in Saguenéens zone.
11:53 of 2nd period - Wayne Primeau is hit by Cory Murphy.
12:20 of 2nd period - Cory Murphy is hit by Ian Cole and loses puck.
12:23 of 2nd period - Snap shot by Ryan Keller.
12:23 of 2nd period - Shot Hit the Post.
12:25 of 2nd period - Slapshot by Igor Radulov.
12:25 of 2nd period - Goal by Igor Radulov - Saguenéens : 1 - Gangsters : 1.
12:26 of 2nd period - Artem Anisimov wins face-off versus Wayne Primeau in neutral zone.
12:56 of 2nd period - Snap shot by Ryan Jones.
12:56 of 2nd period - Stopped by James Reimer with a rebound.
13:22 of 2nd period - Slapshot by Justin Schultz.
13:22 of 2nd period - Shot Blocked by Nick Foligno.
13:24 of 2nd period - Snap shot by Jarkko Ruutu.
13:24 of 2nd period - Stopped by Dustin Tokarski with a rebound.
13:26 of 2nd period - Wrist shot by Jarkko Ruutu.
13:26 of 2nd period - Shot Misses the Net.
13:48 of 2nd period - Wrist shot by Justin Schultz.
13:48 of 2nd period - Stopped by Dustin Tokarski without a rebound.
13:49 of 2nd period - Petteri Wirtanen wins face-off versus Maxime Sauvé in Gangsters zone.
14:00 of 2nd period - Slapshot by Ian Cole.
14:00 of 2nd period - Stopped by Dustin Tokarski without a rebound.
14:01 of 2nd period - Wayne Primeau wins face-off versus Alexandre Bolduc in Gangsters zone.
14:27 of 2nd period - Igor Radulov is hit by Evgeny Dadonov and loses puck.
14:54 of 2nd period - Slapshot by Wayne Primeau.
14:54 of 2nd period - Stopped by Dustin Tokarski with a rebound.
14:56 of 2nd period - Wrist shot by Evgeny Dadonov.
14:56 of 2nd period - Goal by Evgeny Dadonov - Saguenéens : 2 - Gangsters : 1.
14:57 of 2nd period - Artem Anisimov wins face-off versus Kyle Brodziak in neutral zone.
15:08 of 2nd period - Wrist shot by Kyle Brodziak.
15:08 of 2nd period - Shot Misses the Net.
15:33 of 2nd period - Backhand shot by Henrik Tallinder.
15:33 of 2nd period - Deflect By Tyler McNeely.
15:33 of 2nd period - Goal by Tyler McNeely - Saguenéens : 3 - Gangsters : 1.
15:34 of 2nd period - Wayne Primeau wins face-off versus Alexandre Bolduc in neutral zone.
15:50 of 2nd period - Minor Penalty to Ryan Keller for Roughing.
15:51 of 2nd period - Wayne Primeau wins face-off versus Igor Radulov in Gangsters zone.
17:02 of 2nd period - Ian Cole is hit by Nick Foligno and loses puck.
17:45 of 2nd period - Brock Bradford is hit by Jarkko Ruutu and loses puck.
17:50 of 2nd period - Penalty to Ryan Keller is over, Ryan Keller is back on ice.
18:49 of 2nd period - Minor Penalty to Kyle Brodziak for Roughing.
18:50 of 2nd period - Wayne Primeau wins face-off versus Alexandre Bolduc in Saguenéens zone.
18:59 of 2nd period - Snap shot by Igor Radulov.
18:59 of 2nd period - Shot Hit the Post.
19:01 of 2nd period - Snap shot by Igor Radulov.
19:01 of 2nd period - Stopped by James Reimer with a rebound.
19:25 of 2nd period - Wrist shot by Ryan Jones.
19:25 of 2nd period - Shot Misses the Net.
19:35 of 2nd period - Jarkko Ruutu is hit by Igor Radulov and loses puck.
19:36 of 2nd period - Jarkko Ruutu from Saguenéens is injured at 19:36 of 2nd period (Bruised Left Arm).
19:37 of 2nd period - Alexandre Bolduc wins face-off versus Wayne Primeau in Saguenéens zone.
19:42 of 2nd period - Snap shot by Ryan Keller.
19:42 of 2nd period - Stopped by James Reimer with a rebound.
19:44 of 2nd period - Snap shot by Ryan Keller.
19:44 of 2nd period - Goal by Ryan Keller - Saguenéens : 3 - Gangsters : 2.
19:45 of 2nd period - Alexandre Bolduc wins face-off versus Brandon Yip in neutral zone.
19:50 of 2nd period - Slapshot by Igor Radulov.
19:50 of 2nd period - Stopped by James Reimer with a rebound.
19:52 of 2nd period - Slapshot by Cory Murphy.
19:52 of 2nd period - Shot Blocked by Brandon Yip.
19:54 of 2nd period - Snap shot by Igor Radulov.
19:54 of 2nd period - Shot Misses the Net.
19:58 of 2nd period - Wrist shot by Igor Radulov.
19:58 of 2nd period - Stopped by James Reimer with a rebound.
3rd period
0:01 of 3rd period - Alexandre Bolduc wins face-off versus Wayne Primeau in neutral zone.
0:08 of 3rd period - Minor Penalty to Brandon Yip for Holding.
0:09 of 3rd period - Kyle Brodziak wins face-off versus Alexandre Bolduc in Saguenéens zone.
0:34 of 3rd period - Snap shot by Chris Bourque.
0:34 of 3rd period - Goal by Chris Bourque - Saguenéens : 3 - Gangsters : 3.
0:35 of 3rd period - Wayne Primeau wins face-off versus Alexandre Bolduc in neutral zone.
0:43 of 3rd period - Cory Murphy is hit by Evgeny Dadonov and loses puck.
1:05 of 3rd period - Slapshot by Ian Cole.
1:05 of 3rd period - Shot Blocked by Staffan Kronwall.
1:07 of 3rd period - Wrist shot by Dwight King.
1:07 of 3rd period - Shot Blocked by Staffan Kronwall.
1:09 of 3rd period - Slapshot by Ian Cole.
1:09 of 3rd period - Shot Misses the Net.
1:11 of 3rd period - Wrist shot by David Laliberté.
1:11 of 3rd period - Goal by David Laliberté - Saguenéens : 4 - Gangsters : 3.
1:12 of 3rd period - Wayne Primeau wins face-off versus Alexandre Bolduc in neutral zone.
1:25 of 3rd period - Snap shot by Igor Radulov.
1:25 of 3rd period - Stopped by James Reimer with a rebound.
1:27 of 3rd period - Slapshot by Staffan Kronwall.
1:27 of 3rd period - Stopped by James Reimer without a rebound.
1:28 of 3rd period - Artem Anisimov wins face-off versus Kyle Brodziak in Saguenéens zone.
1:29 of 3rd period - Snap shot by Chris Bourque.
1:29 of 3rd period - Shot Blocked by Justin Schultz.
1:54 of 3rd period - Josh Gorges is hit by Brian Flynn and loses puck.
2:03 of 3rd period - Slapshot by Cory Murphy.
2:03 of 3rd period - Shot Blocked by Trevor Daley.
2:39 of 3rd period - Slapshot by Mike Van Ryn.
2:39 of 3rd period - Deflect By David Toews.
2:39 of 3rd period - Shot Misses the Net.
2:39 of 3rd period - Puck is out of play.
2:40 of 3rd period - Alexandre Bolduc wins face-off versus Kyle Brodziak in Gangsters zone.
3:16 of 3rd period - Wrist shot by Evgeny Dadonov.
3:16 of 3rd period - Stopped by Dustin Tokarski without a rebound.
3:17 of 3rd period - Alexandre Bolduc wins face-off versus Brian Flynn in Gangsters zone.
3:17 of 3rd period - Alexandre Bolduc is hit by Mike Van Ryn.
3:28 of 3rd period - Backhand shot by Ian Cole.
3:28 of 3rd period - Stopped by Dustin Tokarski with a rebound.
3:42 of 3rd period - Kyle Brodziak is hit by Cory Murphy and loses puck.
4:25 of 3rd period - Snap shot by Evgeny Dadonov.
4:25 of 3rd period - Stopped by Dustin Tokarski without a rebound.
4:26 of 3rd period - Wayne Primeau wins face-off versus Alexandre Bolduc in Gangsters zone.
4:29 of 3rd period - Slapshot by Evgeny Dadonov.
4:29 of 3rd period - Shot Blocked by Josh Gorges.
4:51 of 3rd period - Alexei Emelin is hit by Kyle Brodziak and loses puck.
5:00 of 3rd period - Snap shot by David Laliberté.
5:00 of 3rd period - Shot Hit the Post.
5:04 of 3rd period - Slapshot by Kyle Brodziak.
5:04 of 3rd period - Shot Misses the Net.
5:16 of 3rd period - Snap shot by Josh Gorges.
5:16 of 3rd period - Shot Blocked by Mike Van Ryn.
5:42 of 3rd period - Off-side.
5:43 of 3rd period - Igor Radulov wins face-off versus Petteri Wirtanen in neutral zone.
5:52 of 3rd period - Slapshot by Cory Murphy.
5:52 of 3rd period - Shot Misses the Net.
5:54 of 3rd period - Wrist shot by Ryan Keller.
5:54 of 3rd period - Stopped by James Reimer with a rebound.
5:56 of 3rd period - Snap shot by Ryan Keller.
5:56 of 3rd period - Shot Misses the Net.
5:58 of 3rd period - Snap shot by Alexandre Bolduc.
5:58 of 3rd period - Deflect By Trevor Daley.
5:58 of 3rd period - Stopped by James Reimer with a rebound.
5:59 of 3rd period - Minor Penalty to Tyler McNeely for High sticking.
6:00 of 3rd period - Ryan Keller wins face-off versus Kyle Brodziak in Saguenéens zone.
6:30 of 3rd period - Slapshot by Josh Gorges.
6:30 of 3rd period - Shot Blocked by Henrik Tallinder.
7:12 of 3rd period - Staffan Kronwall is hit by Petteri Wirtanen and loses puck.
7:59 of 3rd period - Penalty to Tyler McNeely is over, Tyler McNeely is back on ice.
8:42 of 3rd period - Brock Bradford is hit by Tyler McNeely and loses puck.
9:15 of 3rd period - Slapshot by Dwight King.
9:15 of 3rd period - Deflect By Rhett Rakhshani.
9:15 of 3rd period - Stopped by Dustin Tokarski with a rebound.
9:17 of 3rd period - Snap shot by Rhett Rakhshani.
9:17 of 3rd period - Shot Misses the Net.
10:09 of 3rd period - Ryan Keller is hit by Ian Cole and loses puck.
10:38 of 3rd period - Staffan Kronwall is hit by David Toews and loses puck.
10:49 of 3rd period - Trevor Daley is hit by Cory Murphy and loses puck.
11:50 of 3rd period - Henrik Tallinder is hit by Cory Murphy and loses puck.
12:34 of 3rd period - Ian Cole is hit by Shaun Heska and loses puck.
12:57 of 3rd period - Slapshot by Petteri Wirtanen.
12:57 of 3rd period - Deflect By Wayne Primeau.
12:57 of 3rd period - Stopped by Dustin Tokarski without a rebound.
12:58 of 3rd period - Brian Flynn wins face-off versus Artem Anisimov in Gangsters zone.
13:20 of 3rd period - Icing by Chris Bourque.
13:21 of 3rd period - Brock Bradford wins face-off versus Kyle Brodziak in Gangsters zone.
14:08 of 3rd period - Slapshot by Chris Bourque.
14:08 of 3rd period - Stopped by James Reimer without a rebound.
14:09 of 3rd period - Artem Anisimov wins face-off versus Brian Flynn in Saguenéens zone.
14:32 of 3rd period - Slapshot by Cory Murphy.
14:32 of 3rd period - Stopped by James Reimer with a rebound.
15:15 of 3rd period - Icing by Justin Schultz.
15:16 of 3rd period - Brian Flynn wins face-off versus Brock Bradford in Saguenéens zone.
15:20 of 3rd period - Off-side.
15:21 of 3rd period - Rhett Rakhshani wins face-off versus Brock Bradford in neutral zone.
15:28 of 3rd period - Slapshot by Brian Flynn.
15:28 of 3rd period - Shot Misses the Net.
15:30 of 3rd period - Wrist shot by Dwight King.
15:30 of 3rd period - Goal by Dwight King - Saguenéens : 5 - Gangsters : 3.
15:31 of 3rd period - Brian Flynn wins face-off versus Brock Bradford in neutral zone.
15:40 of 3rd period - Snap shot by Mikko Lehtonen.
15:40 of 3rd period - Goal by Mikko Lehtonen - Saguenéens : 5 - Gangsters : 4.
15:41 of 3rd period - Mikko Lehtonen wins face-off versus Rhett Rakhshani in neutral zone.
15:50 of 3rd period - Slapshot by Cory Murphy.
15:50 of 3rd period - Stopped by James Reimer without a rebound.
15:51 of 3rd period - Brian Flynn wins face-off versus Brock Bradford in Saguenéens zone.
16:04 of 3rd period - Slapshot by Cory Murphy.
16:04 of 3rd period - Shot Misses the Net.
16:06 of 3rd period - Wrist shot by Mikko Lehtonen.
16:06 of 3rd period - Stopped by James Reimer with a rebound.
16:08 of 3rd period - Snap shot by Brock Bradford.
16:08 of 3rd period - Stopped by James Reimer without a rebound.
16:09 of 3rd period - Wayne Primeau wins face-off versus Alexandre Bolduc in Saguenéens zone.
16:09 of 3rd period - Wayne Primeau is hit by Ryan Keller.
16:16 of 3rd period - Minor Penalty to Alexei Emelin for Holding.
16:17 of 3rd period - Igor Radulov wins face-off versus Wayne Primeau in Gangsters zone.
16:17 of 3rd period - Igor Radulov is hit by Evgeny Dadonov.
16:39 of 3rd period - Icing by Wayne Primeau.
16:40 of 3rd period - Igor Radulov wins face-off versus Wayne Primeau in Saguenéens zone.
16:43 of 3rd period - Slapshot by Ryan Keller.
16:43 of 3rd period - Shot Blocked by Justin Schultz.
17:12 of 3rd period - Slapshot by Trevor Daley.
17:12 of 3rd period - Stopped by Dustin Tokarski with a rebound.
17:14 of 3rd period - Snap shot by Justin Schultz.
17:14 of 3rd period - Goal by Justin Schultz - Saguenéens : 6 - Gangsters : 4.
17:15 of 3rd period - Brock Bradford wins face-off versus Brian Flynn in neutral zone.
17:18 of 3rd period - Brian Flynn is hit by Nick Foligno and loses puck.
17:23 of 3rd period - Slapshot by Josh Gorges.
17:23 of 3rd period - Stopped by James Reimer with a rebound.
17:25 of 3rd period - Slapshot by Josh Gorges.
17:25 of 3rd period - Stopped by James Reimer with a rebound.
17:27 of 3rd period - Wrist shot by Brock Bradford.
17:27 of 3rd period - Deflect By Nick Foligno.
17:27 of 3rd period - Stopped by James Reimer with a rebound.
17:29 of 3rd period - Slapshot by Alexei Emelin.
17:29 of 3rd period - Shot Hit the Post.
17:31 of 3rd period - Snap shot by Brock Bradford.
17:31 of 3rd period - Stopped by James Reimer without a rebound.
17:32 of 3rd period - Alexandre Bolduc wins face-off versus Wayne Primeau in Saguenéens zone.
17:57 of 3rd period - Rhett Rakhshani is hit by Nick Foligno and loses puck.
18:22 of 3rd period - Snap shot by Kyle Brodziak.
18:22 of 3rd period - Shot Misses the Net.
18:33 of 3rd period - Icing by Evgeny Dadonov.
18:34 of 3rd period - Artem Anisimov wins face-off versus Wayne Primeau in Saguenéens zone.
18:35 of 3rd period - Snap shot by Chris Bourque.
18:35 of 3rd period - Stopped by James Reimer without a rebound.
18:36 of 3rd period - Brandon Yip wins face-off versus Artem Anisimov in Saguenéens zone.
18:41 of 3rd period - Snap shot by Ryan Jones.
18:41 of 3rd period - Stopped by James Reimer without a rebound.
18:42 of 3rd period - Brian Flynn wins face-off versus Brock Bradford in Saguenéens zone.
18:49 of 3rd period - Wrist shot by Mike Van Ryn.
18:49 of 3rd period - Shot Misses the Net.
19:19 of 3rd period - Wayne Primeau is hit by Cory Murphy and loses puck.
19:27 of 3rd period - Minor Penalty to Brandon Yip for Hooking.
19:28 of 3rd period - Kyle Brodziak wins face-off versus Alexandre Bolduc in Saguenéens zone.
19:55 of 3rd period - Wrist shot by Chris Bourque.
19:55 of 3rd period - Shot Misses the Net.
19:57 of 3rd period - Slapshot by Josh Gorges.
19:57 of 3rd period - Deflect By Ryan Jones.
19:57 of 3rd period - Shot Hit the Post.
19:57 of 3rd period - Puck is out of play.
19:58 of 3rd period - Kyle Brodziak wins face-off versus Artem Anisimov in Saguenéens zone.
Output by the SimonT Hockey Simulator (STHS) for François Prévost -- Original Page W3C XHTML 1.0 Valid